AoeStats
← 傲娇

Black Forest

508514035Analyzed
4v4 RM · 11d ago on Sep 22, 2026· 57m 56s· 8 players
Game mode
Random Map
Map size
Large (8 player)
Population
200
Speed
Normal
Resources
Standard
Victory
Conquest
Starting age
Dark Age
Ending age
Imperial Age
RankedLock teamsTeams togetherTeam positionsShared explorationLock speedFull tech treeHidden civsTurbo modeCheats
Victory
Defeat
🇮🇹 Britons · Italy
1397
+11
🇺🇸 Random · United States
1354
+13
🇮🇹 Franks · Italy
1346
+13
🇩🇪 Spanish · Germany
1322
+14
🇨🇳 Lithuanians · China
1360
-16
🇨🇳 Mongols · China
1320
-14
🇨🇳 Random · China
1270
-12
🇨🇳 Persians · China
1175
-9
Wendysocute
10:55 Feudal Age
12:02 Double-Bit Axe
14:37 Castle Age
15:58 Bow Saw
20:44 Wheelbarrow
21:54 Gold Mining
23:44 Gold Shaft Mining
23:01 Stone Mining
24:01 Loom
24:33 Hand Cart
28:28 Imperial Age
27:10 Scale Barding Armor
27:16 Forging
28:10 Husbandry
28:42 Chain Barding Armor
29:13 Chivalry
28:35 Cavalier
29:39 Conscription
29:47 Paladin
31:46 Plate Barding Armor
31:46 Iron Casting
35:17 Blast Furnace
34:35 Squires
34:30 Pikeman
35:11 Scale Mail Armor
36:05 Caravan
38:19 Chain Mail Armor
37:32 Halberdier
47:40 Plate Mail Armor
50:20 Arson
57:14 Fortified Wall
511
10:48 Feudal Age
14:32 Castle Age
12:54 Double-Bit Axe
12:59 Horse Collar
15:52 Bow Saw
18:26 Loom
21:18 Wheelbarrow
21:12 Town Watch
21:48 Gold Mining
23:33 Padded Archer Armor
24:29 Hand Cart
26:27 Ballistics
26:02 Fletching
27:06 Bodkin Arrow
31:35 Imperial Age
29:17 Stone Mining
34:15 Chemistry
33:29 Bracer
33:45 Leather Archer Armor
34:27 Conscription
44:28 Scale Mail Armor
44:38 Forging
44:38 Pikeman
45:18 Squires
45:42 Arson
45:57 Elite Skirmisher
46:52 Halberdier
51:09 Gambesons
54:19 Chain Mail Armor
HaleDuck
10:33 Feudal Age
14:19 Castle Age
12:16 Double-Bit Axe
19:32 Horse Collar
19:41 Loom
21:39 Wheelbarrow
21:28 Bow Saw
22:26 Heavy Plow
22:52 Stone Mining
24:45 Hand Cart
28:33 Imperial Age
26:12 Scale Mail Armor
26:45 Fletching
27:17 Squires
27:04 Gambesons
27:44 Chain Mail Armor
27:25 Bodkin Arrow
27:24 Gold Mining
28:32 Ballistics
28:06 Arson
28:33 Forging
28:41 Shield Wall
30:01 Gold Shaft Mining
29:59 Conscription
29:54 Bracer
31:00 Chemistry
29:37 Pikeman
31:03 Plate Mail Armor
30:28 Elite Hearth Troop
31:51 Halberdier
33:45 Iron Casting
34:54 Hoardings
35:14 Elite Varangian Guard
36:56 Siege Engineers
39:03 Padded Archer Armor
40:34 Caravan
42:30 Town Watch
42:34 Clerical Recruitment
46:02 Masonry
45:33 Treadmill Crane
45:46 Guard Tower
46:35 Block Printing
46:40 Sanctity
46:31 Redemption
47:23 Leather Archer Armor
49:38 Illumination
57:48 Spies/Treason
lumpensammler666
1:29 Loom
13:19 Feudal Age
13:46 Double-Bit Axe
18:49 Castle Age
17:38 Fletching
27:37 Imperial Age
25:50 Padded Archer Armor
25:46 Fletching
28:47 Leather Archer Armor
29:45 Horse Collar
31:00 Ring Archer Armor
31:40 Bodkin Arrow
32:47 Bracer
33:37 Heavy Plow
35:33 Wheelbarrow
38:09 Sanctity
38:05 Block Printing
38:05 Bloodlines
37:55 Husbandry
39:09 Hand Cart
41:19 Conscription
41:19 Fervor
43:05 Elite Conquistador
48:30 Scale Barding Armor
48:36 Forging
48:30 Caravan
51:32 Theocracy
52:06 Light Cavalry
53:22 Iron Casting
53:08 Chain Barding Armor
54:25 Hussar
54:51 Capped Ram
56:11 Siege Ram
Lmmortal
0:59 Loom
13:06 Feudal Age
18:03 Castle Age
15:57 Horse Collar
16:04 Double-Bit Axe
17:23 Fletching
17:33 Padded Archer Armor
18:56 Bow Saw
23:50 Wheelbarrow
23:49 Town Watch
26:17 Bodkin Arrow
34:49 Imperial Age
35:12 Husbandry
40:23 Bloodlines
39:36 Cranequins
40:37 Cranequins
45:41 Bracer
45:56 Leather Archer Armor
53:58 Elite Skirmisher
傲娇
12:44 Feudal Age
16:41 Castle Age
14:39 Double-Bit Axe
16:30 Horse Collar
17:47 Bow Saw
18:53 Heavy Plow
30:37 Wheelbarrow
29:48 Loom
33:58 Imperial Age
31:45 Hand Cart
32:03 Scale Barding Armor
32:09 Forging
33:37 Chain Barding Armor
34:41 Iron Casting
33:35 Elite War Elephant
34:39 Conscription
35:35 Plate Barding Armor
39:29 Blast Furnace
46:22 Conscription
48:33 Two-Man Saw
53:22 Bloodlines
53:13 Husbandry
52:37 Heavy Camel Rider
860
2:42 Loom
12:19 Feudal Age
13:15 Double-Bit Axe
13:16 Horse Collar
16:23 Castle Age
17:46 Bow Saw
19:36 Fletching
22:32 Bodkin Arrow
24:10 Padded Archer Armor
24:38 Ballistics
26:38 Wheelbarrow
27:49 Leather Archer Armor
31:14 Imperial Age
30:02 Heavy Plow
32:04 Hand Cart
33:22 Conscription
33:18 Bracer
33:21 Gold Mining
34:35 Chemistry
34:36 Gold Mining
35:31 Husbandry
35:41 Bloodlines
37:39 Elite Mangudai
38:15 Light Cavalry
39:50 Gold Shaft Mining
39:05 Stone Mining
40:24 Murder Holes
41:38 Hussar
42:39 Capped Ram
43:46 Drill
43:41 Siege Ram
47:31 Scale Barding Armor
47:36 Forging
老狐狸
12:17 Feudal Age
15:55 Castle Age
14:14 Double-Bit Axe
14:23 Horse Collar
17:17 Bow Saw
17:08 Heavy Plow
21:16 Wheelbarrow
27:14 Imperial Age
24:58 Stone Mining
25:11 Gold Mining
26:26 Hand Cart
26:20 Scale Barding Armor
26:26 Forging
28:02 Stone Shaft Mining
28:13 Chain Barding Armor
28:24 Conscription
28:47 Husbandry
28:57 Bloodlines
28:27 Elite Leitis
30:53 Plate Barding Armor
30:54 Iron Casting
Connection lost

Rejoining the realm…

Still unreachable

The connection could not be restored.

Session expired

The server has moved on; the page needs a fresh start.